 Dungeon Crawl Stone Soup version 0.23.2-33-g5129a83 (webtiles) character file.

Game seed: 5411036481254809992

144 ultravoices the Vexing (level 5, -3/36 HPs)
             Began as a Human Enchanter on July 23, 2019.
             Slain by an orc wizard
             ... wielding a +0 dagger
              (6 damage)
             ... on level 3 of the Dungeon.
             The game lasted 00:13:41 (2492 turns).

ultravoices the Vexing (Human Enchanter)            Turns: 2492, Time: 00:13:41

Health: -3/36      AC:  3    Str:  8    XL:     5   Next: 51%
Magic:  1/9        EV: 13    Int: 16    God:
Gold:   103        SH:  0    Dex: 14    Spells: 6/9 levels left

rFire    . . .     SeeInvis .   a - +1 dagger
rCold    . . .     Gourm    .   (no shield)
rNeg     . . .     Faith    .   b - +0 robe
rPois    .         Spirit   .   (no helmet)
rElec    .         Reflect  .   g - +0 cloak
rCorr    .         Harm     .   (no gloves)
MR       .....                  (no boots)
Stlth    ++........             (no amulet)
HPRegen  0.12/turn              (no ring)
MPRegen  0.11/turn              (no ring)

@: very slightly contaminated
A: no striking features
a: no special abilities


You were on level 3 of the Dungeon.
You were hungry.

You visited 1 branch of the dungeon, and saw 3 of its levels.

You collected 103 gold pieces.

Inventory:

Hand Weapons
 a - a +1 dagger (weapon)
 f - a +0 hunting sling
Missiles
 j - 19 poisoned needles
Armour
 b - a +0 robe (worn)
 g - a +0 cloak (worn)
Scrolls
 i - 3 scrolls of remove curse
 o - a scroll of identify
Potions
 e - 4 potions of curing
 h - a potion of flight {unknown}
 k - 2 potions of magic
 n - a potion of berserk rage {unknown}
Comestibles
 d - 7 rations


   Skills:
 + Level 0.8 Fighting
 + Level 1.8 Short Blades
 + Level 2.3 Dodging
 + Level 3.7 Stealth
 + Level 2.7 Spellcasting
 + Level 4.1 Hexes
 + Level 0.5 Ice Magic


You had 6 spell levels left.
You knew the following spells:

 Your Spells              Type           Power        Failure   Level  Hunger
a - Corona                Hex            ###....      3%          1    #......
b - Ensorcelled Hibernat  Hex/Ice        #.....       11%         2    ##.....

Your spell library contained the following spells:

 Spells                   Type           Power        Failure   Level  Hunger
 Confuse                  Hex            ###.....     11%         3    ###....
 Tukima's Dance           Hex            ###.....     11%         3    ###....
 Dazzling Spray           Conj/Hex       #.....       26%         3    ###....


Dungeon Overview and Level Annotations

Branches:
Dungeon (3/15)

Altars:
Kikubaaqudgha
Wu Jian


Message History

The orc wizard hits you with a +0 dagger.
As you read the scroll labeled AHEUHY EZ BUC, it crumbles to dust.
It is a scroll of amnesia.
Okay, then.
The orc wizard hits you but does no damage.
The orc wizard hits you with a +0 dagger.
* * * LOW HITPOINT WARNING * * *
As you read the scroll labeled QIEF TITHRADA, it crumbles to dust.
You feel aware of your surroundings.
You sensed 1 altar.
It was a scroll of magic mapping.
The orc wizard casts a spell at you. The magic dart hits you!
* * * LOW HITPOINT WARNING * * *
The orc priest misses you.
As you read the scroll labeled SUITUSTRINU, it crumbles to dust.
It is a scroll of identify.
k - 2 potions of magic The orc wizard stops glowing.
The orc wizard hits you with a +0 dagger.
You die...

**,,,##...##### ******
****#........# *,,,,*
**####..#.###.#
**,*,*****,,..#..#...#,*********
*,*,,,,,*,*#.##<.<÷.#,*,,,,,,,*
*,***,***,*#.##.#...#,*,,,,,,,*
*,* *,* *,##....#.#.#,,>,,,,,,*
**,* *,* *,#.........#,*,,,,,,,*
*,,* *,* *,#...@.##..#,,,,,,,,,*
**,* *,* #.###oo.....#,*,,,,,,,*
*,* *,**#.....#######,*,,,,,,,*
*,* *.......#.÷..###*,*********
*,* *#####.##.##...##########
*,* #....##.#..........# *,*
*****#######.#..........# *,*
*,,,,,,* ####..........# *,*
*,,,,,,* #.............#


You could see an orc priest and an orc wizard.

Vanquished Creatures
  Terence (D:2)
  5 adders
  An ooze (D:1)
  2 worms (D:2)
  2 dart slugs (D:1)
  4 leopard geckos
  An orc (D:3)
  6 bats
  4 giant cockroaches
  6 goblins
  7 hobgoblins
  4 jackals (D:1)
  A quokka (D:2)
  4 frilled lizards
  5 kobolds
  7 rats
60 creatures vanquished.

Notes
Turn   | Place    | Note
-------+----------+-------------------------------------------
     0 | D:1      | ultravoices the Human Enchanter began the quest for the
                  | Orb.
     0 | D:1      | Reached XP level 1. HP: 13/13 MP: 3/3
   359 | D:1      | Reached XP level 2. HP: 19/19 MP: 3/5
   601 | D:1      | Reached XP level 3. HP: 6/24 MP: 3/6
   680 | D:1      | Learned a level 2 spell: Ensorcelled Hibernation
  1381 | D:2      | Found an ancient bone altar of Kikubaaqudgha.
  1385 | D:2      | Reached XP level 4. HP: 31/31 MP: 4/7
  1691 | D:2      | Found an ornate altar of the Wu Jian Council.
  1882 | D:2      | Reached XP level 5. HP: 36/36 MP: 4/9
  2019 | D:2      | Noticed Terence
  2023 | D:2      | Killed Terence
  2023 | D:2      | Reached skill level 4 in Hexes
  2492 | D:3      | Slain by an orc wizard

Skill      XL: |  1  2  3  4  5 |
---------------+----------------+-----
Hexes          | 4 |  4.1
Fighting       | |  0.8
Short Blades   | |  1.8
Dodging        | |  2.3
Stealth        | |  3.7
Spellcasting   | |  2.7
Ice Magic      | |  0.5

Action                   |  1- 3 |  4- 6 || total
-------------------------+-------+-------++-------
Melee: Dagger            |   146 |    71 ||   217
 Cast: Corona            |    25 |     5 ||    30
       Ensorcelled Hiber |     6 |    24 ||    30
  Use: Scroll            |     1 |     3 ||     4
       Potion            |     1 |     1 ||     2
 Stab: Sleeping          |     9 |    17 ||    26
  Eat: Chunk             |     2 |     5 ||     7
Armor: Robe              |    48 |    15 ||    63
Dodge: Dodged            |   115 |    45 ||   160
